Map: 死亡光环-天梯版

Players

TIME (Oliveira) - Winner!

  • Race: Terran Terran

Silky

  • Race: Zerg Zerg
  • League: Master

Event: DreamHack SC2 Masters 2020 Summer China

VOD

Have the link to the VOD?

Description

Time

  • Played on: July 5, 2020, 8:03 a.m.
  • Length: 22:50

All games in this series

Show
View Real Time Build Order
Export as new Build Order

TIME Terran - Winner!

Build Orders: Reaper Expand, Hellion Banshee 

Get SALT Encoding   

  12  0:00  SCV  
  13  0:13  SCV  
  14  0:17  Supply Depot  
  14  0:25  SCV  
  15  0:38  SCV  
  15  0:41  Barracks  
  16  0:44  Refinery  
  16  0:50  SCV  
  17  1:03  SCV  
  18  1:15  SCV  
  19  1:29  Reaper, Orbital Command  
  20  1:39  Command Center  
  20  1:46  Supply Depot  
  20  1:54  SCV  
  20  2:00  Marine  
  22  2:06  SCV  
  23  2:09  Factory  
  23  2:13  Refinery  
  23  2:19  SCV  
  23  2:20  Barracks Reactor  
  24  2:31  SCV  
  25  2:43  SCV  
  26  2:51  Orbital Command  
  26  2:54  Starport  
  26  2:55  SCV  
  27  3:01  Hellion x2  
  27  3:03  Barracks Tech Lab  
  31  3:07  SCV  
  32  3:18  SCV  
  33  3:22  Hellion x2  
  36  3:30  SCV x2  
  36  3:31  Supply Depot  
  38  3:36  Cloaking Field  
  38  3:38  Banshee  
  41  3:42  SCV  
  41  3:43  SCV  
  41  3:46  Hellion  
  45  3:49  Marine  
  45  3:53  Hellion  
  45  3:54  SCV  
  45  3:55  SCV, Supply Depot  
  50  4:06  SCV  
  50  4:07  SCV  
  50  4:08  Hellion  
  54  4:18  SCV  
  54  4:19  SCV  
  54  4:21  Banshee  
  57  4:31  Command Center  
  57  4:32  Barracks Tech Lab  
  57  4:33  SCV  
  57  4:35  SCV  
  59  4:38  Factory Reactor  
  59  4:41  Barracks  
  59  4:45  Supply Depot  
  59  4:46  SCV  
  59  4:48  Barracks  
  59  4:49  SCV  
  59  4:51  Stimpack, Marine  
  62  5:05  Engineering Bay x2  
  62  5:06  Refinery  
  62  5:07  SCV x2, Refinery  
  67  5:11  Marine  
  65  5:18  Supply Depot  
  65  5:19  SCV x2  
  65  5:20  Starport Reactor  
  67  5:26  Siege Tank  
  70  5:34  Terran Infantry Weapons Level 1  
  70  5:38  Terran Infantry Armor Level 1  
  70  5:40  SCV x2, Supply Depot, Marine x3  
  70  5:41  Marine x2  
  77  5:44  Orbital Command  
  77  5:52  SCV x2  
  79  5:57  Marine x2  
  79  6:01  Medivac x2, Marine  
  86  6:04  SCV  
  86  6:05  Marine x2, Barracks  
  86  6:06  Barracks  
  86  6:08  Orbital Command  
  92  6:11  Siege Tank  
  92  6:13  SCV  
  92  6:15  Marine  
  92  6:16  SCV  
  95  6:19  Supply Depot  
  95  6:20  Supply Depot, Marine  
  95  6:21  Marine  
  95  6:25  SCV  
  98  6:26  Armory  
  98  6:28  SCV  
  98  6:29  Marine x2  
  101  6:32  Combat Shield  
  101  6:40  SCV x2, Supply Depot  
  101  6:44  Marine  
  101  6:45  Siege Tank  
  107  6:49  SCV  
  107  6:51  Supply Depot, Marine  
  109  6:54  Barracks Reactor  
  109  6:55  Barracks Reactor, Supply Depot  
  109  6:56  SCV  
  109  6:57  SCV  
  109  6:58  Marine  
  112  7:02  Refinery x2  
  112  7:05  SCV, Marine x2  
  115  7:08  SCV  
  115  7:09  Marine  
  115  7:13  Marine  
  118  7:17  Marine  
  118  7:21  SCV x2  
  118  7:22  SCV  
  114  7:23  Marine  
  114  7:25  Marine  
  114  7:27  Marine  
  117  7:30  Siege Tank  
  117  7:31  Medivac x2, Terran Infantry Weapons Level 2  
  117  7:33  Marine x2  
  117  7:34  SCV  
  125  7:41  Marine x2  
  121  7:45  Marine  
  121  7:46  Marine  
  110  7:53  Marine x2  
  110  7:55  Marine  
  110  7:56  SCV  
  110  7:57  Terran Infantry Armor Level 2, Marine x2  
  114  7:59  Terran Vehicle Weapons Level 1  
  114  8:02  Marine x2  
  114  8:05  SCV, Marine  
  117  8:06  Factory  
  117  8:07  Marine  
  117  8:10  Marine  
  117  8:11  Marine  
  121  8:13  Marine  
  121  8:14  Siege Tank  
  121  8:15  Command Center, Marine  
  121  8:16  Medivac  
  128  8:20  SCV x2  
  128  8:21  Supply Depot  
  128  8:23  Marine  
  131  8:27  Marine  
  131  8:29  Medivac  
  131  8:31  Marine x2  
  131  8:34  Marine x2  
  135  8:38  Marine x2  
  135  8:39  Marine  
  125  8:43  SCV x2, Marine  
  125  8:45  Marine  
  122  8:50  SCV  
  122  8:52  Marine  
  122  8:55  SCV  
  114  9:04  Marine  
  114  9:05  Siege Tank  
  109  9:11  Marine x2  
  109  9:13  Marine x2  
  109  9:14  SCV x3, Factory Tech Lab  
  109  9:15  Marine x2  
  107  9:17  Liberator x2  
  107  9:18  Marine x2  
  115  9:26  Marine  
  115  9:29  Marine x2, Sensor Tower  
  115  9:30  Marine  
  115  9:31  Marine  
  120  9:33  Marine  
  120  9:35  Siege Tank  
  120  9:37  Planetary Fortress  
  120  9:38  SCV x2  
  126  9:40  Marine x2  
  126  9:43  Marine x2  
  130  9:45  Siege Tank  
  130  9:46  Marine  
  130  9:48  SCV  
  130  9:50  SCV x2  
  130  9:52  Marine  
  137  9:57  Terran Infantry Weapons Level 3  
  138  10:05  Marine x2  
  138  10:06  Marine  
  141  10:08  Marine x2  
  138  10:22  Marine x2  
  138  10:27  Marine  
  140  10:32  Marine  
  135  10:39  Marine x3  
  135  10:40  Marine  
  135  10:41  Siege Tank x2  
  142  10:44  Terran Vehicle Weapons Level 2, Terran Infantry Armor Level 3  
  142  10:45  SCV x2  
  142  10:46  SCV  
  142  10:47  SCV, Ghost Academy, Marine x2  
  142  10:48  Supply Depot, Barracks  
  142  10:50  Barracks x2  
  142  10:53  Marine  
  142  10:56  Liberator  
  146  10:59  Marine x3, Liberator  
  146  11:00  SCV  
  146  11:01  SCV x2  
  155  11:15  Command Center, Marine x2, Siege Tank  
  155  11:17  Marine  
  161  11:19  SCV  
  161  11:20  Siege Tank  
  161  11:22  Marine  
  166  11:35  Barracks Tech Lab  
  163  11:41  SCV x2  
  163  11:42  SCV  
  163  11:44  Barracks Tech Lab  
  163  11:45  Refinery x2, Command Center, Barracks Tech Lab  
  163  11:56  Ghost x2  
  163  11:58  Personal Cloaking  
  167  12:03  Siege Tank  
  170  12:11  Supply Depot, Siege Tank  
  170  12:12  Supply Depot  
  170  12:17  Command Center  
  170  12:21  Missile Turret  
  170  12:23  Ghost  
  170  12:26  Ghost  
  174  12:30  Planetary Fortress  
  174  12:32  Missile Turret  
  174  12:35  Ghost x2  
  178  12:37  Siege Tank  
  178  12:38  Concussive Shells  
  181  12:46  Siege Tank  
  184  12:53  Command Center  
  184  12:56  Missile Turret  
  184  12:58  Orbital Command  
  184  12:59  Ghost x2  
  184  13:00  Sensor Tower  
  184  13:03  Ghost  
  190  13:13  Siege Tank  
  190  13:17  Terran Vehicle And Ship Armor Level 1  
  193  13:22  Refinery  
  193  13:23  Refinery  
  193  13:24  Command Center  
  193  13:25  Command Center  
  193  13:34  Enhanced Shockwaves  
  193  13:48  Missile Turret  
  193  13:49  Missile Turret  
  193  13:51  Ghost x3  
  196  14:16  Missile Turret  
  196  14:18  Missile Turret  
  196  14:21  Planetary Fortress  
  196  14:23  Missile Turret  
  196  14:24  Orbital Command  
  193  14:33  Command Center  
  193  14:35  Ghost x2  
  154  14:42  Marine x2  
  154  14:43  Siege Tank  
  151  14:49  Ghost, Command Center  
  151  14:50  Marine x2  
  151  14:51  Siege Tank  
  151  14:52  Liberator x2  
  158  14:53  Marine, Nuke  
  158  14:58  Marine x2  
  162  15:03  Ghost, Marine x2  
  164  15:08  Barracks Tech Lab x2  
  164  15:15  Siege Tank  
  164  15:17  Ghost  
  164  15:19  Marine x2  
  171  15:23  Siege Tank  
  171  15:28  Marine  
  153  15:32  Marine x2  
  141  15:37  Marine x2  
  141  15:39  Marine  
  141  15:40  Marine x3  
  141  15:42  Ghost x2  
  145  15:46  Ghost  
  145  15:47  Siege Tank  
  150  15:52  Planetary Fortress  
  150  15:53  Marine  
  150  15:54  Marine  
  150  15:55  Orbital Command x2, Siege Tank  
  150  15:56  Marine x2  
  157  15:58  Starport  
  157  16:00  Starport  
  157  16:01  Liberator x2  
  163  16:05  Ghost, Marine x2  
  163  16:06  Marine  
  168  16:13  Marine x3  
  168  16:22  Ghost  
  168  16:24  Marine  
  171  16:26  Marine  
  171  16:30  Marine  
  171  16:31  Ghost x2  
  171  16:32  Marine x3  
  177  16:34  Siege Tank x2  
  186  16:40  Marine  
  187  16:51  Marine x2  
  188  16:55  Marine x2  
  188  17:00  Marine  
  188  17:01  Ghost x2  
  186  17:18  Ghost x2  
  186  17:19  Siege Tank  
  186  17:20  Starport Reactor, Siege Tank  
  186  17:22  Orbital Command  
  179  17:23  Marine x2  
  179  17:26  Starport Reactor  
  179  17:29  Ghost x2, Marine x2  
  178  17:31  Medivac  
  184  17:41  Marine x2  
  184  17:43  Marine  
  184  17:44  Marine  
  174  17:47  Marauder  
  174  17:51  Siege Tank  
  179  17:53  Ghost  
  179  17:56  SCV x2  
  183  17:59  Marine x2  
  183  18:00  Medivac  
  183  18:01  Medivac  
  183  18:04  Refinery, Command Center, Marine  
  190  18:06  Refinery  
  186  18:13  Marine  
  186  18:14  Marine x2  
  186  18:15  Medivac  
  186  18:16  Medivac  
  186  18:18  Marine  
  186  18:19  Marine x2  
  197  18:27  SCV x2  
  197  18:33  Ghost  
  200  18:39  Marine  
  199  18:42  Marine  
  199  18:44  Fusion Core  
  199  18:45  Terran Vehicle And Ship Armor Level 2  
  200  18:59  Marine  
  200  19:02  Siege Tank x2  
  187  19:13  Marauder, Marine x2  
  189  19:17  Liberator x2  
  189  19:19  Marine x2  
  188  19:34  Ghost  
  171  19:48  Marine x3  
  125  20:00  Marine x3  
  125  20:01  Marine x2  
  125  20:03  Liberator x2, Ghost, Siege Tank  
  125  20:04  Liberator  
  125  20:05  Liberator  
  125  20:06  Marine x2  
  138  20:10  Marine  
  138  20:14  Liberator x2  
  137  20:18  Marine x3  
  137  20:19  Marine x2  
  148  20:24  Marine x2  
  148  20:28  Marine  
  150  20:31  Ghost  
  147  20:36  Marine  
  147  20:41  Marine x3  
  147  20:42  Marine x3  
  151  20:43  Siege Tank  
  151  20:45  SCV x2  
  151  20:46  Liberator  
  151  20:47  Unknown x2, Marine  
  141  20:52  Liberator x2  
  147  21:04  Ghost  
  147  21:08  Marine x2  
  147  21:09  Marine x3  
  147  21:10  Liberator x2  
  159  21:28  Marine x2, Siege Tank  
  159  21:29  Marine  
  159  21:30  Advanced Ballistics  
  162  21:35  Orbital Command  
  152  21:51  Ghost  
  143  22:09  Marine x3  
  143  22:10  Marine x3  
  143  22:11  Siege Tank  
  152  22:19  Ghost  
  149  22:29  Marine  
  146  22:32  Marine x2  
Show
View Real Time Build Order
Export as new Build Order

Silky Zerg 

Build Orders: Hatch First, Lurkers 

Get SALT Encoding   

  12  0:00  Drone  
  13  0:12  Overlord  
  13  0:16  Drone  
  14  0:30  Drone x2  
  16  0:47  Hatchery  
  15  0:50  Drone  
  15  0:53  Drone  
  15  0:56  Drone  
  18  1:05  Extractor  
  17  1:12  Spawning Pool  
  17  1:15  Drone  
  17  1:18  Drone  
  18  1:28  Drone  
  19  1:39  Drone  
  20  1:49  Drone  
  21  1:58  Queen  
  21  1:59  Queen  
  21  2:00  Zergling x4  
  27  2:08  Metabolic Boost  
  27  2:11  Overlord  
  27  2:13  Drone  
  28  2:31  Drone x3  
  28  2:34  Drone  
  28  2:36  Queen  
  28  2:37  Queen  
  32  2:41  Overlord  
  36  2:46  Overlord  
  36  3:00  Drone x2  
  36  3:04  Drone  
  39  3:07  Drone x2  
  39  3:08  Drone x5  
  46  3:19  Drone x2  
  48  3:27  Overlord  
  48  3:30  Hatchery  
  48  3:33  Zergling x2  
  48  3:36  Extractor  
  48  3:39  Drone  
  48  3:42  Queen x2  
  48  3:44  Overlord  
  48  3:45  Drone  
  48  3:47  Drone  
  54  3:49  Drone  
  54  3:51  Drone  
  54  3:54  Drone x2  
  58  3:57  Drone x2  
  60  4:04  Evolution Chamber  
  60  4:06  Evolution Chamber, Drone x2  
  60  4:16  Drone x5  
  65  4:17  Drone  
  65  4:19  Overlord  
  65  4:21  Drone  
  67  4:28  Drone  
  67  4:30  Zerg Ground Armor Level 1  
  68  4:33  Zerg Melee Weapons Level 1  
  68  4:34  Spore Crawler  
  68  4:37  Spore Crawler, Drone  
  67  4:40  Spore Crawler, Drone  
  67  4:45  Lair  
  67  4:47  Spore Crawler  
  67  4:50  Zergling x6  
  67  4:51  Drone  
  70  4:54  Drone x2  
  70  4:55  Drone  
  72  5:04  Drone x5  
  75  5:10  Drone  
  75  5:13  Drone  
  77  5:14  Drone  
  77  5:16  Drone  
  77  5:20  Hatchery  
  78  5:25  Extractor  
  78  5:27  Zergling x4  
  79  5:29  Hatchery  
  79  5:35  Overlord x2  
  78  5:36  Zergling x2  
  78  5:42  Zergling x2  
  80  5:47  Hydralisk Den  
  79  5:50  Drone x3  
  79  5:51  Overlord x3, Extractor x2  
  79  5:54  Zergling x10  
  84  6:02  Drone  
  81  6:04  Zergling x2  
  81  6:09  Infestation Pit, Drone x2  
  82  6:16  Overseer  
  82  6:19  Drone x6  
  82  6:20  Lurker Den  
  82  6:22  Extractor  
  82  6:23  Drone x6  
  92  6:29  Zerg Missile Weapons Level 1  
  92  6:31  Zergling x4  
  94  6:40  Drone  
  94  6:41  Drone  
  94  6:43  Drone x5  
  101  6:48  Hive, Hydralisk  
  101  6:49  Hydralisk x3  
  101  6:50  Hydralisk  
  101  6:53  Hydralisk  
  113  6:55  Hydralisk  
  113  6:56  Extractor  
  113  6:59  Extractor  
  113  7:02  Drone x6  
  113  7:04  Drone x2  
  113  7:07  Hydralisk  
  119  7:21  Zergling x2  
  119  7:22  Zergling x16  
  126  7:23  Hydralisk  
  126  7:27  Overlord  
  126  7:29  Zergling x2  
  129  7:30  Zergling x4  
  128  7:41  Zergling x26  
  130  7:50  Zergling x4  
  130  7:51  Zergling x2  
  120  7:55  Hydralisk x8  
  120  7:57  Zergling x2  
  131  8:00  Lurker  
  131  8:03  Zergling x6  
  126  8:06  Zergling x8  
  126  8:08  Zerg Ground Armor Level 2  
  126  8:11  Viper  
  126  8:12  Viper  
  136  8:19  Hydralisk  
  136  8:21  Lurker x3  
  136  8:23  Zergling x4  
  141  8:29  Overlord x2  
  141  8:30  Overlord, Zerg Missile Weapons Level 2  
  131  8:43  Overlord  
  131  8:48  Hatchery  
  128  8:49  Hydralisk x6  
  128  8:51  Zergling x4  
  128  8:53  Zergling x4  
  123  9:08  Zergling x8  
  119  9:13  Hydralisk x4  
  127  9:17  Lurker x2  
  127  9:18  Lurker  
  127  9:21  Extractor  
  129  9:24  Lurker  
  129  9:26  Drone x4  
  134  9:32  Zergling x2  
  134  9:37  Extractor  
  134  9:39  Lurker x2  
  136  9:46  Drone x7  
  136  9:49  Spine Crawler, Spore Crawler  
  136  9:51  Spore Crawler x2, Overseer  
  139  9:54  Spore Crawler  
  139  9:57  Viper  
  141  10:01  Drone x4  
  141  10:05  Spore Crawler  
  144  10:08  Lurker x2  
  144  10:11  Hydralisk  
  148  10:15  Zergling x10  
  148  10:20  Adaptive Talons  
  144  10:34  Zergling x22  
  136  10:44  Hydralisk x5  
  136  10:49  Extractor x2  
  143  10:53  Drone  
  143  10:54  Drone x3  
  143  10:56  Spore Crawler  
  138  10:57  Spore Crawler  
  138  10:58  Drone x3  
  138  11:03  Viper  
  143  11:06  Grooved Spines  
  143  11:07  Zerg Missile Weapons Level 3  
  143  11:15  Drone x6  
  149  11:20  Spore Crawler  
  149  11:21  Spore Crawler, Lurker x3  
  149  11:23  Drone x2  
  149  11:24  Spore Crawler  
  151  11:27  Overlord x2, Lurker  
  151  11:29  Spine Crawler, Spore Crawler  
  150  11:45  Overlord  
  150  11:50  Overlord x3  
  150  11:55  Overlord, Zerg Ground Armor Level 3  
  150  11:56  Overlord  
  150  11:57  Hydralisk  
  150  11:59  Overlord x3  
  152  12:07  Hydralisk x4  
  157  12:08  Viper  
  157  12:10  Viper  
  162  12:18  Hydralisk  
  162  12:19  Hydralisk x2  
  162  12:20  Hydralisk  
  170  12:25  Spore Crawler, Hydralisk x2  
  170  12:28  Muscular Augments  
  173  12:32  Seismic Spines  
  173  12:37  Hydralisk  
  173  12:38  Hydralisk x2  
  173  12:42  Zergling x6, Overseer  
  182  12:46  Overseer  
  182  12:48  Overseer  
  182  12:49  Hydralisk  
  184  12:51  Hydralisk  
  184  12:52  Overseer  
  186  12:58  Spine Crawler  
  186  12:59  Spine Crawler x2  
  186  13:02  Spore Crawler, Drone  
  186  13:03  Hydralisk  
  186  13:04  Spore Crawler  
  184  13:10  Hydralisk  
  184  13:11  Hydralisk x2  
  188  13:14  Hydralisk x2  
  188  13:18  Hydralisk  
  188  13:23  Hydralisk x3  
  192  13:27  Lurker x2  
  192  13:30  Lurker  
  195  13:34  Lurker  
  195  13:35  Spine Crawler  
  195  13:36  Spine Crawler  
  195  13:40  Hydralisk x2  
  197  13:44  Lurker  
  197  13:51  Zergling x2  
  197  13:52  Lurker  
  196  14:01  Overseer x3  
  196  14:06  Overlord x3  
  196  14:18  Spine Crawler x2  
  196  14:20  Spine Crawler x2  
  196  14:21  Overlord x2  
  187  14:36  Hydralisk x9  
  189  14:43  Zergling x2  
  184  14:48  Hydralisk  
  169  15:01  Hydralisk x7  
  183  15:15  Lurker x8  
  183  15:20  Zergling x8  
  192  15:28  Hydralisk x3  
  169  15:34  Hydralisk x2  
  155  15:39  Hydralisk  
  154  15:45  Lurker  
  154  15:46  Lurker x3  
  154  15:49  Hydralisk x2  
  158  15:51  Zergling x2  
  163  16:01  Hydralisk x3  
  169  16:05  Zergling x4  
  169  16:10  Zergling x4  
  167  16:26  Hydralisk x5  
  175  16:33  Hydralisk x2  
  179  16:42  Hydralisk x3  
  185  16:53  Hydralisk x3  
  187  16:58  Lurker x2  
  185  17:10  Hydralisk x4  
  191  17:17  Spine Crawler  
  190  17:29  Hydralisk  
  185  17:41  Viper x6  
  198  17:46  Zergling x2  
  198  17:47  Zergling x6  
  195  17:55  Zergling x10  
  186  18:14  Overseer  
  186  18:15  Nydus Network  
  182  18:24  Hydralisk x5  
  189  18:36  Hydralisk x3  
  191  18:56  Hydralisk  
  191  19:01  Hydralisk x2  
  194  19:03  Overlord  
  194  19:08  Hydralisk  
  186  19:20  Hydralisk  
  186  19:21  Hydralisk  
  154  19:40  Hydralisk  
  142  19:58  Hydralisk  
  139  20:03  Lurker  
  130  20:27  Hydralisk  
  127  21:00  Lurker  
  101  22:09  Zergling x6  
Tags
 
Add a new tag
Caveats
  • Supply blocks, unpowered buildings, or Contaminate may cause inaccurate times.
  • Supply counts are checked every 10 seconds.